 Dungeon Crawl Stone Soup version 0.28.0-53-g5a82cb258f (webtiles) character file.

Game seed: 10931784351135172380

111 styxcanada the Covert (level 4, -7/23 HPs)
             Began as a Spriggan Brigand on May 22, 2022.
             Mangled by a gnoll
             ... wielding a +2 whip of venom
              (11 damage)
             ... on level 2 of the Dungeon.
             The game lasted 00:04:57 (1849 turns).

styxcanada the Covert (Spriggan Brigand)            Turns: 1849, Time: 00:04:58

Health: -7/23      AC:  3    Str: 13    XL:     4   Next: 62%
Magic:  5/5        EV: 17    Int: 12    God:
Gold:   58         SH:  0    Dex: 18    Spells: 3/3 levels left

rFire   . . .      SeeInvis +   a - +2 dagger
rCold   . . .      Faith    .   (no shield)
rNeg    . . .      Spirit   .   b - +0 robe
rPois   .          Reflect  .   (helmet restricted)
rElec   .          Harm     .   c - +0 cloak
rCorr   .          Rampage  .   (gloves unavailable)
Will    +....                   (boots unavailable)
Stlth   ++++......              (no amulet)
HPRegen 0.07/turn               j - ring of willpower
MPRegen 0.09/turn               q - +6 ring of strength

@: lethally poisoned (-7 -> -9), very quick
A: very small, no large weapons, unfitting armour, see invisible, speed 3
a: no special abilities


You were on level 2 of the Dungeon.
You visited 1 branch of the dungeon, and saw 2 of its levels.

You collected 58 gold pieces.

Inventory:

Hand Weapons
 a - a +2 dagger (weapon)
Missiles
 d - 8 poisoned darts
 e - a curare-tipped dart
 g - 21 sling bullets
 p - 20 stones (quivered)
Armour
 b - a +0 robe (worn)
 c - a +0 cloak (worn)
Jewellery
 j - a ring of willpower (left hand)
 q - a +6 ring of strength (right hand)
Scrolls
 h - a scroll of identify {unknown}
 i - a scroll of blinking {unknown}
 m - a scroll of immolation {unknown}
Potions
 f - a potion of lignification {unknown}
 k - a potion of invisibility {unknown}
 l - a potion of resistance {unknown}
 n - a potion of haste {unknown}
 o - a potion of curing {unknown}


   Skills:
 * Level 1.9 Fighting
 + Level 2.6 Short Blades
 + Level 2.2 Throwing
 * Level 2.5 Dodging
 * Level 8.0 Stealth


You had 3 spell levels left.
You didn't know any spells.
Your spell library was empty.

Dungeon Overview and Level Annotations

Branches:
Dungeon (2/15)

Altars:

Annotations:
D:2 Sigmund


Innate Abilities, Weirdness & Mutations

You are very small and have problems with some larger weapons.
You are too small for most types of armour.
You have supernaturally acute eyesight. (SInv)
You cover ground extremely quickly. (Speed+++)


Message History

The gnoll is moderately wounded.
The gnoll hits you with a +0 flail.
You hit the gnoll.
The gnoll is moderately wounded.
The gnoll misses you.
You closely miss the gnoll.
The gnoll is moderately wounded.
You hit the gnoll.
The gnoll is heavily wounded.
The gnoll hits you with a +0 flail.
You barely miss the gnoll.
The gnoll is heavily wounded.
The gnoll barely misses you.
You hit the gnoll but do no damage.
The gnoll is heavily wounded.
The gnoll barely misses you.
You closely miss the gnoll.
The gnoll is heavily wounded.
The gnoll hits you with a +0 flail.
You closely miss the gnoll.
The gnoll is heavily wounded.
You hit the gnoll but do no damage. You hit the gnoll.
The gnoll is moderately wounded.
The gnoll hits you with a +2 whip of venom.
You are poisoned.
You hit the gnoll but do no damage.
The gnoll is moderately wounded.
You feel sick. The gnoll completely misses you.
You hit the gnoll.
The gnoll is moderately wounded.
The gnoll misses you.
You closely miss the gnoll.
The gnoll is moderately wounded.
You feel sick.
You hit the gnoll.
The gnoll is heavily wounded.
You feel sick.
The gnoll hits you with a +2 whip of venom!
You die...

### #####
####.###########.########....
.g......gggg@....#......#....
.g.....#.#######.#......#....
....##.#>....................
... #.#.....................
. #.#.#######.#......###..
#####.#.# #.######## ###
......#.# #.# #
#....#######.# #
#......†.....# #


You could see 4 gnolls.

Vanquished Creatures
  A hound (D:2)
  5 adders (D:2)
  8 bats
  6 goblins
  5 hobgoblins
  4 quokkas
  3 ball pythons
  3 frilled lizards (D:1)
  A kobold (D:2)
  2 rats (D:2)
38 creatures vanquished.

Notes
Turn   | Place    | Note
-------+----------+-------------------------------------------
     0 | D:1      | styxcanada the Spriggan Brigand began the quest for the
                  | Orb.
     0 | D:1      | Reached XP level 1. HP: 10/10 MP: 2/2
    29 | D:1      | Reached skill level 6 in Stealth
   254 | D:1      | Reached XP level 2. HP: 13/14 MP: 3/3
  1026 | D:1      | Found a faded altar of an unknown god.
  1093 | D:2      | Reached skill level 7 in Stealth
  1093 | D:2      | Reached XP level 3. HP: 18/18 MP: 4/4
  1166 | D:2      | Reached XP level 4. HP: 23/23 MP: 5/5
  1612 | D:2      | Noticed Sigmund
  1717 | D:2      | Reached skill level 8 in Stealth
  1849 | D:2      | Mangled by a gnoll

Illustrated notes

Levels and vault maps discovered:
D:1:      lightli_arrival_lavapool, layout_basic,
          dreamdust_ecumenical_altar_grove, amethyst_killhole
D:2:      layout_basic, chequers_serial_rivers_micro_a, st_stairs_4,
          minmay_misc_feat_rows, uniq_sigmund

Skill      XL: |  1  2  3  4 |
---------------+-------------+-----
Stealth        | 6 7 8 |  8.0
Dodging        | 2 |  2.5
Fighting       | |  1.9
Short Blades   | |  2.6
Throwing       | |  2.2

Action                   |  1- 3 |  4- 6 || total
-------------------------+-------+-------++-------
Melee: Dagger            |    53 |    46 ||    99
       Punch             |     1 |     1 ||     2
Throw: Dart              |     8 |    17 ||    25
       Stone             |       |     2 ||     2
 Stab: Sleeping          |     7 |     5 ||    12
Armor: Robe              |     3 |     1 ||     4
Dodge: Dodged            |    37 |    21 ||    58
